 Dungeon Crawl Stone Soup version 0.29.0-5-ge4962eb29e (webtiles) character file.

Game seed: 12595135608174311558

729 keekatzer the Trooper (level 7, -2/59 HPs)
             Began as a Demonspawn Chaos Knight on Aug 30, 2022.
             Was a Plaything of Xom.
             Slain by a queen bee (shapeshifter) (9 damage)
             ... on level 7 of the Dungeon.
             The game lasted 00:14:41 (2809 turns).

keekatzer the Trooper (Demonspawn Chaos Knight)     Turns: 2809, Time: 00:14:42

Health: -2/59      AC:  8    Str: 14    XL:     7   Next: 44%
Magic:  0/7        EV: 12    Int: 13    God:    Xom [...*..]
Gold:   184        SH:  0    Dex: 13    Spells: 6/6 levels left

rFire   . . .      SeeInvis .   a - +0 hand axe (chaos)
rCold   + . .      Faith    .   (no shield)
rNeg    . . .      Spirit   +   b - +2 leather armour
rPois   +          Reflect  .   (no helmet)
rElec   .          Harm     .   (no cloak)
rCorr   .          Rampage  .   (no gloves)
Will    +....      Clarity  +   (no boots)
Stlth   +.........              s - amulet of guardian spirit
HPRegen 0.19/turn               n - ring of protection from cold
MPRegen 0.10/turn               y - ring of poison resistance

@: no status effects
A: yellow scales 2, powered by death 1, demonic touch 2, talons 1, clarity,
strong-willed 1
a: Renounce Religion


You were on level 7 of the Dungeon.
You worshipped Xom.
You were a favourite toy of Xom.
You visited 1 branch of the dungeon, and saw 5 of its levels.

You collected 184 gold pieces.

Inventory:

Hand Weapons
 a - a +0 hand axe of chaos (weapon)
 r - a +2 flail of protection
Missiles
 q - a throwing net
Armour
 b - a +2 leather armour (worn)
 o - a +0 scale mail
Jewellery
 n - a ring of protection from cold (left hand)
 s - an amulet of guardian spirit (around neck)
 y - a ring of poison resistance (right hand)
Wands
 v - a wand of flame (7)
Scrolls
 d - a scroll of magic mapping {unknown}
 g - 2 scrolls of blinking {unknown}
 j - 2 scrolls of fear {unknown}
 m - a scroll of silence {unknown}
 p - a scroll of noise {unknown}
 t - a scroll of enchant weapon {unknown}
 u - a scroll of identify {unknown}
 x - 3 scrolls of teleportation {unknown}
Potions
 e - 2 potions of brilliance {unknown}
 f - 2 potions of cancellation {unknown}
 h - 4 potions of mutation {unknown}
 i - 2 potions of heal wounds {unknown}
 k - a potion of haste {unknown}
 l - a potion of lignification {unknown}
 w - a potion of degeneration {unknown}
 z - a potion of curing {unknown}
 A - a potion of might {unknown}
Miscellaneous
 c - a piece from Xom's chessboard (15/15) (quivered)


   Skills:
 + Level 6.5 Fighting
 - Level 3.0 Axes
 + Level 3.8 Armour
 + Level 3.7 Dodging


You had 6 spell levels left.
You didn't know any spells.
Your spell library contained the following spells:

 Spells                   Type           Power      Damage    Failure   Level
 Gell's Gravitas          Tloc           0%         N/A       75%         3
 Ignite Poison            Fire/Tmut/Pois 0%         N/A       75%         3
 Mephitic Cloud           Conj/Pois/Air  0%         N/A       75%         3
 Portal Projectile        Hex/Tloc       0%         N/A       75%         3
 Teleport Other           Tloc           0%         N/A       75%         3
 Tukima's Dance           Hex            0%         N/A       75%         3
 Blade Hands              Tmut           0%         N/A       100%        5
 Freezing Cloud           Conj/Ice/Air   0%         6-21      100%        5
 Dispersal                Tloc           0%         N/A       100%        6


Dungeon Overview and Level Annotations

Branches:
Dungeon (4/15)             Temple (0/1) D:4

Altars:
Trog
Uskayaw

Shops:
D:1 (


Innate Abilities, Weirdness & Mutations

You are mostly covered in yellow scales. (AC +3)
You regenerate a little health from kills.
Your touch may inflict irresistible damage on your foes.
You have sharp toenails.
You possess an exceptional clarity of mind.
You are strong-willed. (Will+)


Message History

The gnoll bouda hits you but does no damage.
You hit the gnoll bouda but do no damage.
The gnoll bouda is heavily wounded.
The gnoll is no longer moving quickly.
The gnoll hits you from afar with a +0 halberd!
The gnoll bouda hits you with a +0 club!
You hit the gnoll bouda but do no damage.
The gnoll bouda changes into a shapeshifter!
The shapeshifter is heavily wounded.
The shapeshifter changes into a queen bee!
The gnoll hits you from afar with a +0 halberd.
You hit the queen bee but do no damage. You claw the queen bee.
You touch the queen bee.
The queen bee is moderately wounded.
The gnoll is no longer moving quickly.
The gnoll hits you from afar with a +0 halberd.
The queen bee stings you.
You hit the queen bee but do no damage. Your kick misses the queen bee.
The queen bee is lightly wounded.
The gnoll barely misses you. The queen bee barely misses you.
The gnoll hits you from afar with a +0 halberd.
You hit the queen bee but do no damage. Your kick misses the queen bee.
The queen bee is lightly wounded.
The gnoll is no longer moving quickly.
The queen bee closely misses you. The gnoll closely misses you.
You hit the queen bee but do no damage.
The queen bee is lightly wounded.
The queen bee stings you. The gnoll barely misses you.
You hit the queen bee but do no damage. Your touch misses the queen bee.
The queen bee is lightly wounded.
The gnoll is no longer moving quickly.
The queen bee stings you. The gnoll barely misses you.
You hit the queen bee but do no damage.
The queen bee seems to speed up.
You touch the queen bee!
The queen bee is heavily wounded.
The queen bee stings you!
* * * LOW HITPOINT WARNING * * *
The queen bee stings you!
You die...
Xom laughs nastily!

####### #.....# #.....# #.....#
###### ####.....# #.....
.........####.#.#
####.....#......# ###########
.............#.######....g.....
................@ygggg.........
.##......>....###########..g...
. #................. ...... .
#................. .Y... .
##..........8##### g.g.. .
#.###.)....... ..g. . #.#
#...##..... .... #.#
#...##...... #.# #...# .8####


You could see a queen bee shaped shifter (fast) and 4 gnolls.

Vanquished Creatures
  A dream sheep (shapeshifter) (D:2)
  An ice beast (D:7)
  A phantom (D:7)
  A necrophage (D:4)
  An orc priest (D:3)
  2 orc wizards (D:3)
  Natasha (thrice) (D:3)
  A gnoll (D:7)
  7 adders
  An ufetubus (D:7)
  4 dart slugs
  21 orcs
  3 bats
  9 endoplasms
  2 giant cockroaches
  5 goblins
  6 hobgoblins
  5 jackals (D:2)
  4 quokkas
  2 ball pythons (D:1)
  4 frilled lizards
  7 kobolds
  6 rats
97 creatures vanquished.

Notes
Turn   | Place    | Note
-------+----------+-------------------------------------------
     0 | D:1      | keekatzer the Demonspawn Chaos Knight began the quest for
                  | the Orb.
     0 | D:1      | Reached XP level 1. HP: 18/18 MP: 1/1
    63 | D:1      | XOM: butterfly on damage
    75 | D:1      | Gained mutation: You are partially covered in yellow
                  | scales. (AC +2) [demonic ancestry]
    75 | D:1      | Reached XP level 2. HP: 10/24 MP: 2/2
   201 | D:1      | XOM: divination: magic mapping
   329 | D:1      | XOM: divination: magic mapping
   560 | D:1      | Found Teifukh's Antique Weapon Boutique.
   623 | D:1      | Found a faded altar of an unknown god.
   667 | D:1      | Reached skill level 1 in Dodging
   837 | D:2      | Reached XP level 3. HP: 30/30 MP: 3/3
   858 | D:2      | XOM: silly message
   994 | D:2      | Reached skill level 4 in Fighting
  1038 | D:2      | XOM: silly message
  1077 | D:2      | XOM: silly message
  1397 | D:2      | Found a hide-covered altar of Uskayaw.
  1426 | D:2      | Gained mutation: You regenerate a little health from kills.
                  | [demonic ancestry]
  1426 | D:2      | Reached XP level 4. HP: 35/37 MP: 4/4
  1577 | D:2      | XOM: silly message
  1633 | D:2      | Noticed a glowing shapeshifter
  1633 | D:2      | a jackal changed into a glowing shapeshifter
  1633 | D:2      | Noticed a shock serpent
  1633 | D:2      | a glowing shapeshifter changed into a shock serpent
  1634 | D:2      | Noticed a dream sheep
  1634 | D:2      | a shock serpent changed into a dream sheep
  1637 | D:2      | Killed a dream sheep
  1638 | D:2      | Reached skill level 5 in Fighting
  1638 | D:2      | Gained mutation: Your touch may inflict minor irresistible
                  | damage on your foes. [demonic ancestry]
  1638 | D:2      | Reached XP level 5. HP: 44/44 MP: 5/5
  1749 | D:3      | Gained mutation: You are mostly covered in yellow scales.
                  | (AC +3) [demonic ancestry]
  1749 | D:3      | Reached XP level 6. HP: 43/51 MP: 6/6
  1752 | D:3      | Found a bloodstained altar of Trog.
  1850 | D:3      | Noticed Natasha
  1851 | D:3      | Killed Natasha
  1853 | D:3      | XOM: smoke on damage
  1899 | D:3      | XOM: noise
  1970 | D:3      | XOM: smoke on damage
  2024 | D:3      | Noticed Natasha
  2032 | D:3      | XOM: polymorph white imp -> quasit
  2034 | D:3      | XOM: smoke on damage
  2050 | D:3      | Killed Natasha
  2055 | D:3      | XOM: divination: magic mapping
  2061 | D:3      | Noticed Natasha
  2225 | D:2      | XOM: give mutations
  2225 | D:2      | Gained mutation: You are strong-willed. (Will+) [Xom's
                  | grace]
  2225 | D:2      | Gained mutation: You have sharp toenails. [Xom's grace]
  2225 | D:2      | Gained mutation: You possess an exceptional clarity of
                  | mind. [Xom's grace]
  2316 | D:3      | Killed Natasha
  2317 | D:3      | Reached skill level 6 in Fighting
  2571 | D:4      | XOM: god gift: 28 gold pieces
  2609 | D:4      | Gained mutation: Your touch may inflict irresistible damage
                  | on your foes. [demonic ancestry]
  2609 | D:4      | Reached XP level 7. HP: 54/58 MP: 7/7
  2669 | D:4      | Found a staircase to the Ecumenical Temple.
  2748 | D:4      | You fall into a shaft and drop 3 floors!
  2803 | D:7      | Noticed a shapeshifter
  2803 | D:7      | a gnoll bouda changed into a shapeshifter
  2803 | D:7      | Noticed a queen bee
  2803 | D:7      | a shapeshifter changed into a queen bee
  2809 | D:7      | Slain by a queen bee (shapeshifter)

Illustrated notes

Levels and vault maps discovered:
D:1:      dpeg_arrival_pits, layout_basic, serial_shops, shop,
          shapermc_ecumenical_altar_starsandcircs, minmay_misc_feat_nine_boxes
D:2:      layout_basic, basic_altar
D:3:      layout_loops_ring, mainiacjoe_overflow_concentric_impassable,
          uniq_natasha
D:4:      layout_loops_corners, minmay_temple_entry_offerings, chequers_jeans,
          hex_tiny
D:7:      layout_rooms, lemuel_tele_altar, enter_bailey_5, serial_shops,
          nicolae_square_shop, guppyfry_early_elven_hall

Skill      XL: |  1  2  3  4  5  6 |
---------------+-------------------+-----
Axes           | 3 |  3.0
Armour         | 2 3 |  3.8
Dodging        | 1 2 3 |  3.7
Fighting       | 4 5 6 |  6.5

Action                   |  1- 3 |  4- 6 |  7- 9 || total
-------------------------+-------+-------+-------++-------
Melee: Hand axe          |   115 |   155 |    35 ||   305
       Punch             |     1 |     1 |       ||     2
       Touch             |       |    19 |     5 ||    24
       Kick              |       |     6 |    10 ||    16
 Stab: Sleeping          |     1 |       |       ||     1
Armor: Leather armour    |    52 |     3 |     9 ||    64
       Scale mail        |       |    96 |       ||    96
Dodge: Dodged            |    56 |    92 |    24 ||   172
